 Dungeon Crawl Stone Soup version 0.30-a0-613-gdd512c7efb (webtiles) character file.

Game seed: 9948454229632012457

42079 bmack86 the Warrior (level 13, 0/127 HPs)
             Began as a Minotaur Fighter on Jan 8, 2023.
             Was a High Priest of Okawaru.
             Slain by a lindwurm (13 damage)
             ... on level 5 of the Lair of Beasts.
             The game lasted 00:44:04 (18428 turns).

bmack86 the Warrior (Minotaur Fighter)             Turns: 18428, Time: 00:44:04

Health: 0/127      AC: 26    Str: 23    XL:     13   Next: 83%
Magic:  14/17      EV:  6    Int:  5    God:    Okawaru [*****.]
Gold:   1082       SH: 11    Dex:  9    Spells: 12/12 levels left

rFire   x . .      SeeInvis .    c - +7 war axe of Simich {heavy, rElec rPois Str-4}
rCold   + + .      Faith    .    P - +0 kite shield
rNeg    . . .      Spirit   .    j - +4 plate armour
rPois   +          Reflect  .    (helmet restricted)
rElec   +          Harm     .    O - +2 cloak
rCorr   .          Rampage  .    N - +2 pair of gloves
Will    .....                    (no boots) Stlth
                                 (no amulet)
HPRegen 0.41/turn                q - ring of ice
MPRegen 0.15/turn                r - ring of protection from cold

@: finesse-ful
A: horns 2, retaliatory headbutt
a: Renounce Religion, Heroism, Finesse, Duel


You were on level 5 of the Lair of Beasts.
You worshipped Okawaru.
Okawaru was extremely pleased with you.
You visited 3 branches of the dungeon, and saw 17 of its levels.
You also visited: Sewer and Bailey.

You collected 1383 gold pieces.
You spent 301 gold pieces at shops.

Inventory:

Hand Weapons
 a - a +1 war axe
 c - the +7 war axe of Simich (weapon) {heavy, rElec rPois Str-4}
   (Okawaru gifted it to you on level 2 of the Lair of Beasts)

   Str:       It affects your strength (-4).
   rElec:     It insulates you from electricity.
   rPois:     It protects you from poison.
 h - the +7 battleaxe of Ziuhidgh {pain, Will+ Str+7}
   (You found it on level 8 of the Dungeon)

   Str:       It affects your strength (+7).
   Will:      It increases your willpower.
 T - a +5 vampiric battleaxe
Missiles
 E - 6 silver boomerangs
 G - a throwing net
 J - 10 boomerangs (quivered)
 U - 6 javelins
Armour
 f - a scarf of shadows
 j - a +4 plate armour (worn)
 u - a +2 chain mail of poison resistance
 N - a +2 pair of gloves (worn)
 O - a +2 cloak (worn)
 P - a +0 kite shield (worn)
Jewellery
 i - a ring of willpower
 q - a ring of ice (left hand)
 r - a ring of protection from cold (right hand)
 D - a ring of positive energy
 M - a ring of see invisible
Wands
 b - a wand of polymorph (8)
 x - a wand of roots (8)
 F - a wand of flame (78)
 I - a wand of mindburst (24)
 Q - a wand of acid (2)
Scrolls
 d - a scroll of enchant weapon
 g - 3 scrolls of fog
 l - a scroll of vulnerability
 o - 3 scrolls of poison
 s - 4 scrolls of teleportation
 w - 2 scrolls of fear
 y - 4 scrolls of blinking
 B - 2 scrolls of amnesia
Potions
 e - 2 potions of haste
 k - 3 potions of lignification
 m - 2 potions of berserk rage
 p - a potion of cancellation
 t - 3 potions of brilliance
 v - 6 potions of curing
 z - 6 potions of flight
 A - 4 potions of invisibility
 C - a potion of magic
 H - 2 potions of might
 K - a potion of ambrosia
 R - a potion of resistance


   Skills:
 * Level 15.3 Fighting
 * Level 15.1 Axes
 + Level 8.8 Throwing
 + Level 11.2 Armour
 + Level 11.2 Shields
 + Level 6.9 Invocations


You had 12 spell levels left.
You didn't know any spells.
Your spell library contained the following spells:

 Spells                   Type           Power      Damage    Failure   Level
 Foxfire                  Conj/Fire      0%         2x1d4     100%        1
 Shock                    Conj/Air       0%         1d3       100%        1
 Blink                    Tloc           0%         N/A       100%        2
 Momentum Strike          Conj/Tloc      0%         3d8       100%        2
 Inner Flame              Hex/Fire       0%         N/A       100%        3
 Lesser Beckoning         Tloc           0%         N/A       100%        3
 Portal Projectile        Hex/Tloc       0%         N/A       100%        3
 Swiftness                Air            0%         N/A       100%        3
 Airstrike                Air            0%         2d(0-16)  100%        4
 Flame Wave               Conj/Fire      0%         2d4       100%        4
 Sticky Flame             Conj/Fire      0%         2d3       100%        4
 Blade Hands              Tmut           0%         N/A       100%        5
 Borgnjor's Vile Clutch   Necr/Erth      0%         N/A       100%        5
 Fireball                 Conj/Fire      0%         3d3       100%        5
 Starburst                Conj/Fire      0%         6d3       100%        6
 Tukima's Dance           Hex            Unusable   N/A       N/A         3
 Animate Dead             Necr           Unusable   N/A       N/A         4
 Death Channel            Necr           Unusable   N/A       N/A         6

Dungeon Overview and Level Annotations

Branches:
Dungeon (11/15)            Temple (1/1) D:4            Lair (5/5) D:8
 Shoals (0/4) Lair:2        Snake (0/4) Lair:3          Orc (0/2) D:10
  Sewer (visited)          Bailey (visited)
  Slime: Lair:4-5

Altars:
Ashenzari
Cheibriados
Dithmenos
Elyvilon
Fedhas
Gozag
Hepliaklqana
Kikubaaqudgha
Makhleb
Nemelex Xobeh
Okawaru
Qazlal
Ru
Sif Muna
Trog
Uskayaw
Vehumet
Wu Jian
Xom
Yredelemnul
Zin
The Shining One

Shops:
D:3 (   D:4 [:[:   D:10 [

Annotations:
D:5 3 runed translucent doors, bmack86's ghost, novice MiFi


Innate Abilities, Weirdness & Mutations

You have a pair of horns on your head.
You reflexively headbutt those who attack you in melee.


Message History

You hit the torpor snail. You block the torpor snail's attack.
The tyrant leech bites you!
* * * LOW HITPOINT WARNING * * *
The tyrant leech draws strength from your injuries!
You feel much better. You block the torpor snail's attack.
The tyrant leech bites you!
* * * LOW HITPOINT WARNING * * *
The tyrant leech draws strength from your injuries!
You block the torpor snail's attack.
You can now deal lightning-fast blows.
The tyrant leech bites you but does no damage.
The torpor snail bites you.
* * * LOW HITPOINT WARNING * * *
You slice the tyrant leech!!
The tyrant leech is almost dead.
You cut the torpor snail into ribbons!!!
You kill the torpor snail!
Okawaru accepts your kill.
You feel yourself speed up. The tyrant leech bites you!
* * * LOW HITPOINT WARNING * * *
The tyrant leech draws strength from your injuries!
You miss the tyrant leech.
The tyrant leech is severely wounded.
You block the tyrant leech's attack.
Okay, then.
You feel much better. You block the tyrant leech's attack.
You slice the tyrant leech!!
You kill the tyrant leech!
Okawaru accepts your kill.
A lindwurm comes into view.
The lindwurm roars!
Things that are here:
a tyrant leech corpse; a tyrant leech corpse The lindwurm breathes flames at you.
The blast of flame hits you!! The fire burns you terribly!
* * * LOW HITPOINT WARNING * * *
You see here a torpor snail corpse.
The lindwurm bites you!
You die...

#. # ...# #. #.
..(## ## #.. #
#.P.P ##P #P.##
##.#..P. #..
#...# #.#...#
#.. #...####...#
##. #..k...†.##
## #@..††..####
# #.#......#.# #
##.##.....######
#
######.....##.#
# #..#.....####
P....###....#.#
.....## ###.....
.#### ###.P.
####


You could see a lindwurm (catching breath).

Vanquished Creatures
  Fannar (D:11)
  Erolcha (D:11)
  An ice dragon (Lair:5)
  A hydra (Lair:3)
  Erica (D:10)
  A centaur warrior (D:10)
  4 two-headed ogres
  Urug (D:10)
  An orc knight (Bailey)
  Pikel (D:4)
  A deep elf pyromancer (Bailey)
  An oklob plant (Lair:4)
  A cyclops (D:11)
  4 black mambas
  10 elephants
  4 torpor snails (Lair:5)
  4 cane toads
  3 rime drakes
  11 komodo dragons
  2 trolls
  2 tyrant leeches (Lair:5)
  2 hornets (Lair:5)
  A polar bear (Lair:4)
  14 blink frogs
  A shadow (D:11)
  Sigmund (D:2)
  A snapping turtle (Lair:2)
  48 yaks
  Grum (D:9)
  6 wyverns
  Eustachio (D:5)
  A steam dragon (Lair:3)
  3 basilisks
  3 nagas (Lair:3)
  12 water moccasins
  12 orc warriors
  A sky beast (D:7)
  An ice beast (D:7)
  A black bear (Lair:1)
  3 centaurs
  38 wolves
  A kobold brigand (D:9)
  14 bullfrogs
  5 gnoll sergeants
  2 necrophages
  8 scorpions
  4 wights (D:7)
  A jelly (D:6)
  8 killer bees
  2 howler monkeys
  A gnoll bouda (D:7)
  A hound (D:7)
  An orc priest (D:8)
  3 iguanas (D:5)
  8 orc wizards
  11 hell rats
  30 gnolls
  11 adders
  15 river rats
  A white imp (D:8)
  2 ufetubi
  4 worms
  A dart slug (D:4)
  49 orcs
  9 ball pythons
  6 endoplasms
  9 giant cockroaches
  6 hobgoblins
  3 jackals (Sewer)
  8 quokkas
  13 bats
  4 frilled lizards
  8 goblins
  8 kobolds
  22 rats
486 creatures vanquished.

Vanquished Creatures (others)
  31 fungi
  27 plants
  2 withered plants (D:4)
60 creatures vanquished.

Grand Total: 546 creatures vanquished

Notes
Turn   | Place    | Note
-------+----------+-------------------------------------------
     0 | D:1      | bmack86 the Minotaur Fighter began the quest for the Orb.
     0 | D:1      | Reached XP level 1. HP: 19/19 MP: 0/0
   174 | D:1      | Reached XP level 2. HP: 26/27 MP: 1/1
   432 | D:1      | Found a faded altar of an unknown god.
   847 | D:2      | Found an ornate altar of the Wu Jian Council.
   933 | D:2      | Noticed Sigmund
   960 | D:2      | Killed Sigmund
   961 | D:2      | Reached skill level 5 in Fighting
   961 | D:2      | Reached skill level 1 in Throwing
   961 | D:2      | Reached XP level 3. HP: 6/36 MP: 2/2
   961 | D:2      | Reached XP level 4. HP: 8/42 MP: 3/3
   961 | D:2      | Reached XP level 5. HP: 9/48 MP: 4/4
  1487 | D:3      | Found a shadowy altar of Dithmenos.
  1548 | D:3      | Found Oja Zef's Weapon Emporium.
  1710 | D:3      | Found a radiant altar of Vehumet.
  1727 | D:3      | Reached XP level 6. HP: 52/56 MP: 5/5
  2537 | D:4      | Found a sparkling altar of Nemelex Xobeh.
  2577 | D:4      | Found an ancient bone altar of Kikubaaqudgha.
  2689 | D:4      | Noticed Pikel
  2698 | D:4      | Killed Pikel
  2699 | D:4      | Reached skill level 5 in Axes
  2699 | D:4      | Reached skill level 5 in Armour
  2699 | D:4      | Reached skill level 5 in Shields
  2699 | D:4      | Reached XP level 7. HP: 64/64 MP: 6/6
  2727 | D:4      | Found a staircase to the Ecumenical Temple.
  2737 | Temple   | Entered the Ecumenical Temple
  2850 | D:4      | Found Taocweucu's Armour Boutique.
  2855 | D:4      | Found Gifoymis's Book Boutique.
  2866 | D:4      | Found Rufad's Book Boutique.
  2866 | D:4      | Found Viseata's Antique Armour Boutique.
  3202 | D:5      | Entered Level 5 of the Dungeon
  3298 | D:5      | Noticed Eustachio
  3325 | D:5      | Reached XP level 8. HP: 23/73 MP: 7/7
  3349 | D:5      | Killed Eustachio
  3372 | D:5      | Found a basalt altar of Yredelemnul.
  3564 | D:5      | Found a shimmering altar of Xom.
  3921 | D:5      | Found a runed translucent gate.
  3921 | D:5      | Found a runed translucent gate.
  3922 | D:5      | Found a runed translucent gate.
  3926 | D:5      | Noticed bmack86's ghost (novice MiFi)
  4520 | D:6      | Found a glowing drain.
  4524 | Sewer    | Entered a sewer
  5178 | D:6      | Found a shimmering blue altar of Sif Muna.
  5513 | D:4      | Bought a runed chain mail for 157 gold pieces
  5700 | D:7      | Reached XP level 9. HP: 73/82 MP: 8/8
  5702 | D:7      | Found a snail-covered altar of Cheibriados.
  5756 | D:7      | Found an iron altar of Okawaru.
  5766 | D:7      | Became a worshipper of Warmaster Okawaru
  6655 | D:8      | Reached * piety under Okawaru
  6909 | D:8      | Identified the +7 battleaxe of Ziuhidgh {pain, Will+ Str+7}
  6980 | D:8      | Reached skill level 5 in Throwing
  7083 | D:8      | Reached ** piety under Okawaru
  7086 | D:8      | Reached skill level 10 in Fighting
  7266 | D:8      | Reached XP level 10. HP: 65/93 MP: 9/9
  7418 | D:8      | Found a staircase to the Lair.
  7724 | D:8      | Noticed a two-headed ogre
  7733 | D:8      | Killed a two-headed ogre
  7840 | D:9      | Reached skill level 1 in Invocations
  7898 | D:9      | Reached skill level 10 in Axes
  8094 | D:9      | Reached *** piety under Okawaru
  8296 | D:9      | Noticed Grum
  8313 | D:9      | Killed Grum
  8677 | D:9      | Found a white marble altar of Elyvilon.
  8816 | D:9      | Reached **** piety under Okawaru
  8904 | D:9      | Noticed a two-headed ogre
  8914 | D:9      | Killed a two-headed ogre
  8914 | D:9      | Received a gift from Okawaru
  8915 | D:9      | Reached XP level 11. HP: 45/102 MP: 10/12
  9466 | D:10     | Entered Level 10 of the Dungeon
  9498 | D:10     | Found Gitew's Antique Armour Boutique.
  9564 | D:10     | Found a flagged portal.
  9564 | D:10     | Noticed Erica
  9574 | D:10     | Killed Erica
  9588 | Bailey   | Entered a bailey
  9759 | Bailey   | Found a large runed translucent door.
  9759 | Bailey   | Found a large runed translucent door.
  9765 | Bailey   | Noticed an orc knight
  9767 | Bailey   | Noticed a deep elf pyromancer
  9781 | Bailey   | Killed an orc knight
 10041 | Bailey   | Killed a deep elf pyromancer
 10627 | D:10     | Noticed a two-headed ogre
 10639 | D:10     | Killed a two-headed ogre
 10952 | D:10     | Found a broken altar of Ashenzari.
 11162 | D:10     | Identified the +1 ring mail "Meirui" {rC+}
 11183 | D:10     | Found a staircase to the Orcish Mines.
 11285 | D:10     | Noticed Urug
 11299 | D:10     | Killed Urug
 11299 | D:10     | Received a gift from Okawaru
 11554 | D:10     | Noticed a centaur warrior
 11569 | D:10     | Killed a centaur warrior
 11972 | D:11     | Reached ***** piety under Okawaru
 12404 | D:11     | Noticed Fannar
 12419 | D:11     | Killed Fannar
 12420 | D:11     | Reached XP level 12. HP: 108/113 MP: 7/14
 12678 | D:11     | Noticed Erolcha
 12698 | D:11     | Killed Erolcha
 12906 | D:11     | Noticed a two-headed ogre
 12914 | D:11     | Killed a two-headed ogre
 12914 | D:11     | Received a gift from Okawaru
 13273 | D:10     | Bought a cloak for 144 gold pieces
 13365 | Lair:1   | Entered Level 1 of the Lair of Beasts
 13622 | Lair:1   | Received a gift from Okawaru
 13669 | Lair:1   | Reached skill level 5 in Invocations
 13848 | Lair:1   | Reached skill level 10 in Shields
 13997 | Lair:1   | Reached skill level 10 in Armour
 14556 | Lair:2   | Found a dark tunnel.
 14728 | Lair:2   | Received a gift from Okawaru
 14950 | Lair:2   | Identified the +7 war axe of Simich {heavy, rElec rPois
                  | Str-4} (Okawaru gifted it to you on level 2 of the Lair of
                  | Beasts)
 14950 | Lair:2   | Received a gift from Okawaru
 15090 | Lair:2   | Identified the +1 leather armour "Veti" {rPois Int+4}
 15139 | Lair:2   | Reached XP level 13. HP: 104/124 MP: 16/16
 15535 | Lair:2   | Found a staircase to the Shoals.
 15864 | Lair:3   | Found a staircase to the Snake Pit.
 17672 | Lair:4   | Reached skill level 15 in Fighting
 18228 | Lair:5   | Entered Level 5 of the Lair of Beasts
 18290 | Lair:5   | Found a runed translucent door.
 18321 | Lair:5   | Received a gift from Okawaru
 18398 | Lair:5   | Reached skill level 15 in Axes
 18408 | Lair:5   | HP: 6/127 [tyrant leech (17)]
 18428 | Lair:5   | Slain by a lindwurm

Illustrated notes

Levels and vault maps discovered:
D:1:      erik_arrival_cave_to_civilisation [erik_arrival_cave_to_hall],
          layout_rooms, hellmonk_ecumenical_altar_heavens_door
D:2:      layout_basic, basic_altar, uniq_sigmund
D:3:      layout_basic, mainiacjoe_overflow_brackets,
          nicolae_dithmenos_through_a_glass_darkly, serial_shops,
          nicolae_lakefront_shop
D:4:      layout_basic, kiku_gazebo_garden_becter,
          mainiacjoe_overflow_six_doors_small, minmay_temple_entry_arrows,
          minmay_shop_grid_forest, uniq_pikel
D:5:      layout_loops_cross, mainiacjoe_overflow_chevrons, lemuel_round_altar,
          gammafunk_ghost_necromancy, uniq_eustachio
D:6:      nicolae_cairo_tiling_very_big, layout_rooms, amcnicky_altar_gilded,
          gup_sewer_entry_spiral
D:7:      layout_rooms, mainiacjoe_overflow_alcove_2, cheibrodos_worm_habitat
D:8:      layout_cave_pods, grunt_lair_entry_orc_guard_hut
D:9:      layout_basic, kennysheep_mini, uniq_grum
D:10:     layout_long_grid, mainiacjoe_overflow_paths, hiddenorc1_lemuel,
          enter_bailey_7, serial_shops, nicolae_shop_advertising_works
          [nicolae_subvault_shop_adworks], uniq_urug, uniq_erica
D:11:     layout_irregular_city, dreamdust_wishing_well, uniq_erolcha,
          uniq_fannar
Temple:   hellmonk_temple_of_storms
Lair:1:   layout_chaotic_city
Lair:2:   layout_loops_ring, minmay_shoals_entry_hut,
          nicolae_volcano_entry_two_sided
Lair:3:   lemuel_ratsnest, layout_hall_layers,
          minmay_snake_entry_guardpost_small, bh_autumn_forest_stairs,
          minivault_27
Lair:4:   hellmonk_ruined_rings, layout_layer_cave
Lair:5:   wormcave, layout_cave_pods, guppyfry_lair_end_dragon,
          dpeg_slime_entry_corner

Skill      XL: |  1  2  3  4  5  6  7  8  9 10 11 12 13 |
---------------+----------------------------------------+-----
Fighting       | 5 6 7 8 10 11 12 14 15 | 15.3
Axes           | 4 5 6 7 9 11 12 13 15 | 15.1
Throwing       | 1 2 3 4 5 6 7 8 |  8.8
Armour         | 4 5 6 7 8 9 10 11 | 11.2
Shields        | 4 5 6 7 8 9 10 11 | 11.2
Invocations    | 2 4 5 6 |  6.9

Action                   |  1- 3 |  4- 6 |  7- 9 | 10-12 | 13-15 || total
-------------------------+-------+-------+-------+-------+-------++-------
Melee: War axe           |    72 |    61 |   286 |   553 |   235 ||  1207
       Headbutt          |     4 |     7 |    52 |   129 |    39 ||   231
       Battleaxe         |       |       |       |     8 |       ||     8
Throw: Dart              |     4 |     6 |       |       |       ||    10
       Boomerang         |       |       |       |    13 |     5 ||    18
Invok: Heroism           |       |       |     1 |    12 |     5 ||    18
       Finesse           |       |       |       |     2 |     7 ||     9
  Use: Scroll            |     1 |     6 |     9 |    17 |     2 ||    35
       Potion            |       |     1 |     2 |     2 |     2 ||     7
Armor: Scale mail        |    24 |       |       |       |       ||    24
       Plate armour      |    20 |    72 |   198 |   219 |   180 ||   689
       Chain mail        |       |       |    85 |   178 |       ||   263
Dodge: Dodged            |    30 |    24 |   156 |   206 |    78 ||   494
Block: Buckler           |    21 |    16 |   106 |    96 |       ||   239
       Kite shield       |       |       |       |   162 |   144 ||   306

Table legend: (Time is in decaauts)
 A = Elapsed time spent in this place.
 B = Non-inter-level travel time spent in this place.
 C = Inter-level travel time spent in this place.
 D = Time resting spent in this place.
 E = Time spent auto-exploring this place.
 F = Levels seen in this place.
 G = Mean time per level.
                   A        B        C        D        E       F      G
               +--------+--------+--------+--------+--------+-----+--------+
         Total |  18746 |  18195 |    551 |   1257 |  12033 |  19 |  986.6 |
       Dungeon |  12222 |  11754 |    468 |    851 |   7797 |  11 | 1111.1 |
        Temple |     63 |     63 |      0 |      0 |      0 |   1 |   63.0 |
          Lair |   5105 |   5022 |     83 |    146 |   3641 |   5 | 1021.0 |
         Sewer |    747 |    747 |      0 |      0 |    469 |   1 |  747.0 |
        Bailey |    607 |    607 |      0 |    260 |    125 |   1 |  607.0 |
               +--------+--------+--------+--------+--------+-----+--------+

Top non-repeatable levels by time:
    D:10: 1892 daAuts
     D:9: 1660 daAuts
     D:8: 1466 daAuts
    D:11: 1316 daAuts
  Lair:4: 1315 daAuts
  Lair:2: 1287 daAuts
  Lair:3: 1192 daAuts
  Lair:1: 1094 daAuts
     D:3: 990 daAuts
     D:5: 962 daAuts
     D:6: 871 daAuts
     D:2: 866 daAuts
     D:7: 807 daAuts
     D:4: 791 daAuts
   Sewer: 747 daAuts
